 Dungeon Sprint DCSS version 0.20-a0-1127-g1289703 (webtiles) character file.

4616 potatolord6000 the Cleaver (level 10, -2/103 HPs)
             Began as a Minotaur Gladiator on May 18, 2017.
             Was an Initiate of Gozag.
             Slain by a polar bear (16 damage)
             ... in the Dungeon (Sprint IX: "|||||||||||||||||||||||||||||").
             The game lasted 00:05:12 (892 turns).

potatolord6000 the Cleaver (Minotaur Gladiator)      Turns: 892, Time: 00:05:12

Health: -2/103     AC: 13    Str: 24    XL:     10   Next: 19%
Magic:  9/9        EV: 21    Int:  5    God:    Gozag
Gold:   1016       SH:  0    Dex: 16    Spells: 9/9 levels left

rFire    . . .     SeeInvis .   m - +3 broad axe (elec)
rCold    . . .     Gourm    .   (no shield)
rNeg     . . .     Faith    .   n - +4 ring mail
rPois    .         Spirit   .   c - +0 hat
rElec    .         Reflect  .   (no cloak)
rCorr    .         Harm     .   (no gloves)
MR       .....     NoTele   +   a - +0 pair of boots
Stlth    +.........             (no amulet)
Regen    0.3/turn               b - +3 ring of dexterity
MPRegen  0.2/turn               o - +3 ring of strength

@: lethally poisoned (-2 -> -3), gold aura
A: retaliatory headbutt, horns 2
a: Potion Petition, Call Merchant, Bribe Branch, Renounce Religion


You were in the Dungeon.
You worshipped Gozag.
Gozag was most pleased with you.
You were not hungry.

You visited 1 branch You collected 1712 gold pieces.
You paid 696 gold pieces to Gozag.

Inventory:

Hand Weapons
 m - a +3 broad axe of electrocution (weapon)
Armour
 a - a +0 pair of boots (worn)
 c - a +0 hat (worn)
 n - a +4 ring mail (worn)
Jewellery
 b - a +3 ring of dexterity (left hand)
 o - a +3 ring of strength (right hand)
Scrolls
 h - 3 scrolls of remove curse
 k - 3 scrolls of blinking
 l - 2 scrolls of amnesia
 p - 2 scrolls of recharging
Potions
 d - a potion of invisibility
 e - 6 potions of heal wounds
 g - 3 potions of curing
 i - 4 potions of magic
 j - a potion of brilliance
Comestibles
 f - a bread ration


   Skills:
 + Level 14.2 Fighting
 + Level 14.3 Axes
 - Level 2.0 Throwing
 + Level 14.0 Armour
 + Level 13.4 Dodging


You had 9 spell levels left.
You didn't know any spells.

Dungeon Overview and Level Annotations

Branches:
Dungeon (1/1)

Altars:
Cheibriados
Dithmenos
Elyvilon
Fedhas
Gozag
Hepliaklqana
Kikubaaqudgha
Makhleb
Nemelex Xobeh
Okawaru
Qazlal
Ru
Sif Muna
Trog
Uskayaw
Vehumet
Wu Jian
Xom
Yredelemnul
Zin
The Shining One
Beogh
Jiyva
Lugonu

Shops:
D [


Innate Abilities, Weirdness & Mutations

You reflexively headbutt those who attack you in melee.
You have a pair of horns on your head.


Message History

Unknown command.
Unknown command.
The polar bear growls angrily.
You hit the polar bear.
The polar bear is no longer distracted by gold.
You headbutt the polar bear!
The polar bear is severely wounded.
You feel sick.
The polar bear goes berserk!
You hit the polar bear.
The polar bear is severely wounded.
The polar bear bites you!
* * * LOW HITPOINT WARNING * * *
The polar bear claws you but does no damage.
The polar bear completely misses you.
Unknown command.
You barely miss the polar bear. You headbutt the polar bear!
The polar bear is almost dead.
The polar bear bites you!
You die...
Your body crumbles into a pile of gold.

$ ▓.▓.▓
$
▓+▓.▓'▓
▓.▓.▓_▓
$
▓.▓.▓_▓
$
▓.▓.▓_▓
$
▓.▓.▓_▓
$
▓.▓.▓_▓
$
▓h▓.▓_▓
$
▓@▓.▓_▓
$
▓$▓.▓_▓
$
▓$▓.▓_▓
$
▓$▓.▓_▓
$
▓.▓.▓_▓
$
▓.▓.▓_▓
$
▓.▓.▓_▓
▓∩▓.▓_▓
$
▓.▓.▓_▓


You could see a polar bear (berserk).

Vanquished Creatures
  A two-headed ogre (D)
  A deep elf mage (D)
  A cyclops (D)
  A black mamba (D)
  A spiny frog (D)
  A komodo dragon (D)
  An efreet (D)
  2 hippogriffs (D)
  A blink frog (D)
  A yak (D)
  2 porcupines (D)
  3 water moccasins (D)
  An orc warrior (D)
  A necrophage (D)
  A phantom (D)
  3 wolves (D)
  A crocodile (D)
  3 bullfrogs (D)
  2 orc wizards (D)
  2 worker ants (D)
  An adder (D)
  A gnoll (D)
  An adder skeleton (D)
  A hobgoblin (D)
  A ball python (D)
  3 bats (D)
  A jackal zombie (D)
39 creatures vanquished.

Notes
Turn   | Place    | Note
-------+----------+-------------------------------------------
     0 | D        | potatolord6000 the Minotaur Gladiator began the quest for the Orb.
     0 | D        | Reached XP level 1. HP: 18/18 MP: 0/0
     8 | D        | Reached skill level 1 in Armour
    20 | D        | Noticed a worker ant
    20 | D        | Noticed an orc wizard
    20 | D        | Noticed a phantom
    20 | D        | Noticed a worker ant
    22 | D        | Killed a worker ant
    22 | D        | Reached skill level 5 in Axes
    22 | D        | Reached XP level 2. HP: 27/27 MP: 1/1
    22 | D        | Reached XP level 3. HP: 33/33 MP: 2/2
    36 | D        | Reached skill level 5 in Fighting
    36 | D        | Reached skill level 5 in Dodging
    39 | D        | Reached XP level 4. HP: 34/42 MP: 3/3
    66 | D        | Killed a phantom
    66 | D        | Reached XP level 5. HP: 19/51 MP: 4/4
    76 | D        | Found a roughly hewn altar of Beogh.
    76 | D        | Found a snail-covered altar of Cheibriados.
    76 | D        | Found a shadowy altar of Dithmenos.
    76 | D        | Found a white marble altar of Elyvilon.
    76 | D        | Found a blossoming altar of Fedhas.
    76 | D        | Found an opulent altar of Gozag.
    77 | D        | Found a hazy altar of Hepliaklqana.
    78 | D        | Found a viscous altar of Jiyva.
    79 | D        | Found an ancient bone altar of Kikubaaqudgha.
    80 | D        | Found a corrupted altar of Lugonu.
    81 | D        | Found a burning altar of Makhleb.
    82 | D        | Found a sparkling altar of Nemelex Xobeh.
    83 | D        | Found an iron altar of Okawaru.
    84 | D        | Became a worshipper of Gozag Ym Sagoz the Greedy
    85 | D        | Found a stormy altar of Qazlal.
    86 | D        | Found a sacrificial altar of Ru.
    87 | D        | Found a deep blue altar of Sif Muna.
    88 | D        | Found a bloodstained altar of Trog.
    89 | D        | Found a hide-covered altar of Uskayaw.
    90 | D        | Found a radiant altar of Vehumet.
    91 | D        | Found an ornate altar of the Wu Jian Council.
    92 | D        | Found a shimmering altar of Xom.
    93 | D        | Found a basalt altar of Yredelemnul.
    94 | D        | Found a glowing silver altar of Zin.
    95 | D        | Found a glowing golden altar of the Shining One.
   258 | D        | Noticed a two-headed ogre
   258 | D        | Noticed a hippogriff
   265 | D        | Killed a hippogriff
   265 | D        | Reached XP level 6. HP: 62/62 MP: 5/5
   270 | D        | Killed a two-headed ogre
   270 | D        | Reached skill level 10 in Fighting
   270 | D        | Reached skill level 10 in Axes
   270 | D        | Reached skill level 10 in Armour
   270 | D        | Reached skill level 10 in Dodging
   270 | D        | Reached XP level 7. HP: 64/73 MP: 6/6
   270 | D        | Reached XP level 8. HP: 71/81 MP: 7/7
   311 | D        | Noticed an efreet
   311 | D        | Noticed a cyclops
   311 | D        | Noticed a deep elf mage
   321 | D        | Killed a deep elf mage
   338 | D        | Killed a cyclops
   338 | D        | Reached XP level 9. HP: 23/91 MP: 8/8
   341 | D        | HP: 3/91 [efreet/scimitar of flaming (2)]
   344 | D        | HP: 1/91 [efreet/scimitar of flaming (1)]
   345 | D        | Killed an efreet
   863 | D        | Noticed a black mamba
   863 | D        | Noticed a spiny frog
   866 | D        | Noticed a komodo dragon
   869 | D        | Killed a spiny frog
   871 | D        | Reached XP level 10. HP: 54/102 MP: 9/9
   877 | D        | Killed a black mamba
   892 | D        | Slain by a polar bear

Vault maps used:
D:        linesprint

Skill      XL: |  1  2  3  4  5  6  7  8  9 10 |
---------------+-------------------------------+-----
Armour         | 3 4 6 8 10 12 13 14 | 14.0
Axes           | 5 6 7 9 10 12 13 14 | 14.3
Fighting       | 4 5 6 8 10 12 13 14 | 14.2
Dodging        | 4 5 6 8 10 11 13 | 13.4
Throwing       | |  2.0

Action                   |  1- 3 |  4- 6 |  7- 9 | 10-12 || total
-------------------------+-------+-------+-------+-------++-------
Melee: War axe           |    26 |    15 |       |       ||    41
       Headbutt          |     3 |     5 |    19 |     6 ||    33
       Broad axe         |       |     9 |    59 |    18 ||    86
Invok: Call Merchant     |       |       |     1 |       ||     1
  Use: Potion            |     2 |     2 |     4 |       ||     8
       Scroll            |       |       |     4 |       ||     4
 Stab: Distracted        |       |       |     1 |       ||     1
Armor: Leather armour    |    15 |       |       |       ||    15
       Ring mail         |       |     2 |    10 |     8 ||    20
Dodge: Dodged            |    22 |    20 |    35 |    10 ||    87
